 Dungeon Crawl Stone Soup version 0.27.1-34-g3ba077fa99 (webtiles) character file.

Game seed: 4962825653128708305

3060 multipassport the Thaumaturge (level 9, -8/65 HPs)
             Began as a Mummy Necromancer on Jan 15, 2022.
             Was a Priest of Dithmenos.
             Killed from afar by Harold (15 damage)
             ... with a harpoon shot
             ... on level 8 of the Dungeon.
             The game lasted 00:59:29 (10377 turns).

multipassport the Thaumaturge (Mummy Necromancer)  Turns: 10377, Time: 00:59:29

Health: -8/65      AC: 10    Str: 11    XL:     9   Next: 57%
Magic:  11/22      EV: 14    Int: 21    God:    Dithmenos [***...]
Gold:   338        SH:  0    Dex: 12    Spells: 10/26 levels left

rFire    x x .     SeeInvis .   s - +4 spear of Nieg Hyn {venom, rF- rN+ Int+3}
rCold    + . .     Faith    .   (no shield)
rNeg     + + +     Spirit   .   a - +0 robe
rPois    ∞         Reflect  .   (no helmet)
rElec    .         Harm     .   (no cloak)
rCorr    .         Rampage  .   (no gloves)
Will     +....                  (no boots)
Stlth    ++........             (no amulet)
HPRegen  0.20/turn              e - +4 ring of protection
MPRegen  0.18/turn              f - +4 ring of protection

@: wreathed by umbra
A: cold resistance 1, negative energy resistance 3, torment resistance 2, heat
vulnerability 1, no potions
a: Renounce Religion, Shadow Step


You were on level 8 of the Dungeon.
You worshipped Dithmenos.
Dithmenos was most pleased with you.
You visited 2 branches of the dungeon, and saw 9 of its levels.
You also visited: Sewer.

You collected 338 gold pieces.

Inventory:

Hand Weapons
 s - the +4 spear of Nieg Hyn (weapon) {venom, rF- rN+ Int+3}
   (You found it on level 6 of the Dungeon)

   It poisons the flesh of those it strikes.
   Int:       It affects your intelligence (+3).
   rF:        It makes you vulnerable to fire.
   rN:        It protects you from negative energy.
 w - a +1 antimagic short sword
Missiles
 h - 2 throwing nets
Armour
 a - a +0 robe (worn)
Magical Staves
 n - a staff of air
 o - a staff of poison
Jewellery
 e - a +4 ring of protection (left hand)
 f - a +4 ring of protection (right hand)
 u - a +4 ring of slaying
Wands
 g - a wand of flame (41)
 l - a wand of charming (6)
 q - a wand of polymorph (3)
Scrolls
 b - 10 scrolls of identify
 c - 3 scrolls of teleportation
 d - a scroll of brand weapon {unknown}
 i - 2 scrolls of fog {unknown}
 j - 4 scrolls of noise {unknown}
 k - 2 scrolls of magic mapping {unknown}
 m - a scroll of fear
 p - 2 scrolls of amnesia {unknown}
 r - a scroll of summoning {unknown}
 t - a scroll of blinking {unknown}
 v - a scroll of enchant weapon {unknown}


   Skills:
 + Level 3.7 Fighting
 + Level 6.3 Dodging
 - Level 1.5 Stealth
 + Level 9.2 Spellcasting
 + Level 1.1 Hexes
 + Level 8.4 Necromancy


You had 10 spell levels left.
You knew the following spells:

 Your Spells              Type           Power      Damage    Failure   Level
a - Pain                  Necr           100%       1d9       1%          1
b - Animate Skeleton      Necr           90%        N/A       1%          1
c - Vampiric Draining     Necr           22%        2d9       1%          3
d - Dispel Undead         Necr           45%        3d17      2%          4
e - Agony                 Necr           45%        N/A       6%          5
f - Slow                  Hex            14%        N/A       7%          2

Your spell library contained the following spells:

 Spells                   Type           Power      Damage    Failure   Level
 Animate Dead             Necr           22%        N/A       2%          4
 Sandblast                Erth           18%        2d7       7%          1
 Passwall                 Tmut/Erth      7%         N/A       11%         2
 Static Discharge         Conj/Air       9%         N/A       11%         2
 Confusing Touch          Hex            14%        N/A       14%         3
 Tukima's Dance           Hex            14%        N/A       14%         3
 Passage of Golubria      Tloc           N/A        N/A       56%         4
 Petrify                  Tmut/Erth      9%         N/A       56%         4
 Sticky Flame             Conj/Fire      9%         2d3       56%         4
 Yara's Violent Unravell  Hex/Tmut       6%         3d5       83%         5
 Irradiate                Conj/Tmut      4%         3d15      89%         5
 Lee's Rapid Deconstruct  Erth           4%         3d6*      89%         5
 Sublimation of Blood     Necr           Unusable   N/A       N/A         2

Dungeon Overview and Level Annotations

Branches:
Dungeon (8/15)             Temple (1/1) D:5           Sewer (visited)
   Lair: D:8-11

Altars:
Ashenzari
Cheibriados
Dithmenos
Elyvilon
Fedhas
Gozag
Hepliaklqana
Kikubaaqudgha
Makhleb
Nemelex Xobeh
Okawaru
Qazlal
Ru
Sif Muna
Trog
Uskayaw
Vehumet
Wu Jian
Xom
Yredelemnul
Zin
The Shining One

Shops:
D:2 (   D:3 *

Annotations:
D:8 Harold


Innate Abilities, Weirdness & Mutations

You are immune to poison.
Your flesh is cold resistant. (rC+)
You are immune to negative energy. (rN+++)
You are immune to unholy pain and torment.
You are vulnerable to heat. (rF-)
You do not drink.


Message History

* * * LOW HITPOINT WARNING * * *
Casting: Pain (safe; 1% risk of failure)
Confirm with . or Enter, or press ? or * to list all spells.
Aiming: Vampiric Draining (safe; 1% risk of failure)
Press: ? - help, Shift-Dir - straight line, f - Harold
Aim: Harold, wielding a +1 vorpal glaive, wearing a +0 scale mail and quivering 2 throwing nets (lightly wounded, umbra)
You draw life force from Harold.
You feel life coursing into your body.
Harold hits you with a +1 vorpal glaive.
* * * LOW HITPOINT WARNING * * *
x2 The wight hits you from afar with a +4 halberd.
* * * LOW HITPOINT WARNING * * *
Casting: Vampiric Draining (safe; 1% risk of failure)
Confirm with . or Enter, or press ? or * to list all spells.
Aiming: Vampiric Draining (safe; 1% risk of failure)
Press: ? - help, Shift-Dir - straight line, f/p - Harold
Aim: Harold, wielding a +1 vorpal glaive, wearing a +0 scale mail and quivering 2 throwing nets (lightly wounded, umbra)
You draw life force from Harold!
You feel life coursing into your body! Harold completely misses you.
The wight misses you.
Unknown command.
Casting: Vampiric Draining (safe; 1% risk of failure)
Confirm with . or Enter, or press ? or * to list all spells.
Aiming: Vampiric Draining (safe; 1% risk of failure)
Press: ? - help, Shift-Dir - straight line, f/p - Harold
Aim: Harold, wielding a +1 vorpal glaive, wearing a +0 scale mail and quivering 2 throwing nets (moderately wounded, umbra)
You draw life force from Harold!
You feel life coursing into your body. Harold misses you. The wight misses you.
Unknown command.
Casting: Vampiric Draining (safe; 1% risk of failure)
Confirm with . or Enter, or press ? or * to list all spells.
Aiming: Vampiric Draining (safe; 1% risk of failure)
Press: ? - help, Shift-Dir - straight line, f/p - Harold
Aim: Harold, wielding a +1 vorpal glaive, wearing a +0 scale mail and quivering 2 throwing nets (moderately wounded, umbra)
You draw life force from Harold!
You feel life coursing into your body! Harold misses you.
The wight barely misses you.
Harold hits you from afar with a +1 vorpal glaive!
* * * LOW HITPOINT WARNING * * *
x2 Harold says happily, "The price on your head will fill my nest egg nicely!"
Harold fires a harpoon shot at you. The harpoon shot hits you!
You die...

#.............
#..@.....
#.####....####
#.......
#>............
#......
#.####....####
#..... #.#
#.#### #....
#.# #.# ...
#.#
#.##########
#z# #.#
#..........#.
#@# #@#
#######....#.
#)# #.#
#...(#.
#)########.#
#....#.
#.(.....z@.#
#....#.
############
#....#.
####.#. #.....
#..... #.....


You could see Harold.

Vanquished Creatures
  Joseph (D:8)
  Sigmund (D:5)
  4 fire bats
  Eustachio (D:6)
  2 water moccasins
  2 ice beasts
  A black bear (D:8)
  An ogre (D:5)
  2 centaurs
  2 kobold brigands
  6 bullfrogs
  3 scorpions
  A water moccasin zombie (D:6)
  4 wights (D:8)
  A vampire bat (D:5)
  A crimson imp (D:6)
  A hound (D:5)
  2 bullfrog zombies (D:5)
  2 orc priests (D:7)
  2 jellies
  A centaur skeleton (D:7)
  An iguana (D:5)
  2 orc wizards
  A howler monkey zombie (D:6)
  8 adders
  2 gnolls (D:3)
  A river rat (D:4)
  An ufetubus (D:6)
  16 orcs
  2 spectral bats (D:5)
  7 ball pythons
  3 bat skeletons (D:5)
  A bat zombie (D:5)
  6 endoplasms
  4 giant cockroaches
  5 goblins
  3 hobgoblins
  4 jackals (D:1)
  5 quokkas
  10 bats
  A bat simulacrum (D:5)
  4 frilled lizards
  14 kobolds
  A rat (D:3)
143 creatures vanquished.

Vanquished Creatures (collateral kills)
  A gnoll (D:3)
  A hobgoblin (D:3)
2 creatures vanquished.

Grand Total: 145 creatures vanquished

Notes
Turn   | Place    | Note
-------+----------+-------------------------------------------
     0 | D:1      | multipassport the Mummy Necromancer began the quest for the
                  | Orb.
     0 | D:1      | Reached XP level 1. HP: 13/13 MP: 4/4
     5 | D:1      | Learned a level 1 spell: Animate Skeleton
   393 | D:1      | Reached skill level 3 in Spellcasting
   393 | D:1      | Reached XP level 2. HP: 19/19 MP: 1/6
   970 | D:1      | Found a faded altar of an unknown god.
  1224 | D:1      | Became a worshipper of Dithmenos the Shadowed
  1224 | D:1      | Reached * piety under Dithmenos
  1296 | D:2      | Found Tujie's Antique Weapon Shoppe.
  1977 | D:2      | Reached XP level 3. HP: 24/24 MP: 1/7
  2077 | D:2      | Learned a level 3 spell: Vampiric Draining
  2719 | D:3      | Reached XP level 4. HP: 26/30 MP: 3/9
  2809 | D:3      | Reached skill level 4 in Spellcasting
  3189 | D:3      | Found Gifute's General Store.
  3312 | D:3      | Found a burning altar of Makhleb.
  3835 | D:4      | Reached ** piety under Dithmenos
  3837 | D:4      | Found a glowing drain.
  3849 | Sewer    | Entered a sewer
  3883 | Sewer    | Noticed a kobold brigand
  3895 | Sewer    | Killed a kobold brigand
  3896 | Sewer    | Reached skill level 5 in Necromancy
  3896 | Sewer    | Reached XP level 5. HP: 24/35 MP: 0/12
  4083 | Sewer    | Noticed Purgy
  4084 | Sewer    | Noticed Purgy
  4084 | Sewer    | Purgy changed into Purgy the tengu
  4085 | Sewer    | Noticed Purgy
  4085 | Sewer    | Purgy the tengu changed into Purgy the fire bat
  4092 | Sewer    | Killed Purgy the fire bat
  4093 | Sewer    | Reached skill level 5 in Spellcasting
  4093 | Sewer    | Reached XP level 6. HP: 41/41 MP: 5/13
  4731 | D:4      | Learned a level 4 spell: Dispel Undead
  4737 | D:4      | Learned a level 5 spell: Agony
  5168 | D:5      | Entered Level 5 of the Dungeon
  5238 | D:5      | Found a staircase to the Ecumenical Temple.
  5261 | Temple   | Entered the Ecumenical Temple
  5659 | D:5      | Noticed Sigmund
  5744 | D:5      | Killed Sigmund
  5745 | D:5      | Reached skill level 6 in Spellcasting
  5745 | D:5      | Reached XP level 7. HP: 31/46 MP: 5/16
  6709 | D:5      | Reached *** piety under Dithmenos
  6944 | D:5      | Reached skill level 7 in Spellcasting
  6944 | D:5      | Reached XP level 8. HP: 49/52 MP: 12/18
  7179 | D:6      | Reached skill level 5 in Dodging
  7323 | D:6      | Identified the +4 spear of Nieg Hyn {venom, rF- rN+ Int+3}
  7375 | D:6      | Noticed Eustachio
  7392 | D:6      | Killed Eustachio
  7741 | D:6      | Noticed Grinder
  7742 | D:6      | Noticed Grinder
  7742 | D:6      | Grinder changed into Grinder the crimson imp
  7773 | D:6      | Killed Grinder the crimson imp
  7891 | D:6      | Reached skill level 1 in Fighting
  7891 | D:6      | Reached skill level 8 in Spellcasting
  8537 | D:7      | Reached XP level 9. HP: 35/61 MP: 14/21
  9375 | D:8      | Noticed Joseph
  9423 | D:8      | Killed Joseph
  9697 | D:8      | Reached skill level 9 in Spellcasting
  9818 | D:8      | Learned a level 2 spell: Slow
 10343 | D:8      | Noticed Harold
 10351 | D:8      | Reached skill level 1 in Hexes
 10377 | D:8      | Killed from afar by Harold

Illustrated notes

Levels and vault maps discovered:
D:1:      roderic_dead_forest, layout_basic, ebering_ecumenical_altar_box
D:2:      layout_rooms, serial_shops, nicolae_shop_statue_plus
D:3:      layout_loops_ring, lightli_temple_of_fire, serial_shops, shop
D:4:      layout_layer_cave, portal_sewer_entry_a
D:5:      layout_loops_ring, minmay_temple_entry_trees, eino_tiny_chamber,
          nrook_mini_backslash, minivault_25, goddamned_bats, uniq_sigmund
D:6:      layout_basic, uniq_grinder, uniq_eustachio
D:7:      layout_rooms, minmay_misc_feat_nine_boxes, minmay_misc_feat_enclosed
D:8:      layout_basic, uniq_joseph, uniq_harold
Temple:   regret_index_temple_sigil_plot

Skill      XL: |  1  2  3  4  5  6  7  8  9 |
---------------+----------------------------+-----
Spellcasting   | 3 4 5 6 7 8 9 |  9.2
Dodging        | 2 3 4 5 6 |  6.3
Necromancy     | 5 6 7 8 |  8.4
Fighting       | 2 3 |  3.7
Hexes          | 1 |  1.1
Stealth        | |  1.5

Action                   |  1- 3 |  4- 6 |  7- 9 || total
-------------------------+-------+-------+-------++-------
Melee: Unarmed           |    24 |       |       ||    24
       Dagger            |    21 |     6 |       ||    27
       Staff             |       |     1 |     8 ||     9
       Spear             |       |       |    47 ||    47
 Cast: Pain              |    69 |   102 |   175 ||   346
       Animate Skeleton  |     4 |     2 |       ||     6
       Vampiric Draining |       |     3 |     8 ||    11
       Dispel Undead     |       |       |    16 ||    16
       Agony             |       |       |     9 ||     9
Evoke: Wand              |       |     2 |    35 ||    37
  Use: Scroll            |     3 |       |       ||     3
 Stab: Sleeping          |       |       |     1 ||     1
Armor: Robe              |     9 |    16 |    50 ||    75
Dodge: Dodged            |    30 |    20 |   153 ||   203
